 Dungeon Crawl Stone Soup version 0.30-a0-715-gdb4ae3ece1 (webtiles) character file.

Game seed: 7612374122836086177

49 Azfaa the Shooter (level 4, -9/27 HPs)
             Began as a Kobold Hunter on Jan 22, 2023.
             Killed by an exploding goblin (26 damage)
             ... ignited by their inner flame
             ... on level 2 of the Dungeon.
             The game lasted 00:09:05 (1339 turns).

Azfaa the Shooter (Kobold Hunter)                   Turns: 1339, Time: 00:09:05

Health: -9/27      AC:  3    Str:  8    XL:     4   Next: 2%
Magic:  0/4        EV: 15    Int: 10    God:
Gold:   168        SH:  0    Dex: 20    Spells: 2/3 levels left

rFire   . . .      SeeInvis .    a - +0 shortbow
rCold   . . .      Faith    .    (shield currently unavailable)
rNeg    . . .      Spirit   .    c - +0 leather armour
rPois   .          Reflect  .    (no helmet)
rElec   .          Harm     .    (no cloak)
rCorr   .          Rampage  .    (no gloves)
Will    .....                    (no boots)
Stlth   +++                      o - amulet of the acrobat
HPRegen 0.24/turn                (no ring)
MPRegen 0.09/turn                (no ring)

@: very slightly contaminated
A: small, no large weapons, nightstalker 3
a: no special abilities


You were on level 2 of the Dungeon.
You visited 1 branch of the dungeon, and saw 2 of its levels.

You collected 168 gold pieces.

Inventory:

Hand Weapons
 a - a +0 shortbow (weapon)
 i - a +0 sling
 l - a +0 club
 n - a +0 dagger
 s - a +2 dagger of flaming
 t - a +3 short sword
 v - a +0 mace
 y - a +0 war axe
 z - a +0 sling
 A - a +0 whip
Missiles
 m - 7 stones
Armour
 c - a +0 leather armour (worn)
 e - a +0 robe
 j - a +0 ring mail
 k - a +0 leather armour
 x - a +0 leather armour
Jewellery
 o - an amulet of the acrobat (around neck)
Scrolls
 b - a scroll of immolation
 g - a scroll of amnesia
 q - a scroll of brand weapon {unknown}
 r - a scroll of fog
Potions
 d - a potion of invisibility
 f - a potion of heal wounds
 h - a potion of haste {unknown}
 p - a potion of resistance {unknown}
 u - a potion of attraction {unknown}
 w - a potion of curing {unknown}


   Skills:
 + Level 2.5 Fighting
 + Level 6.6 Ranged Weapons
 + Level 0.2 Armour
 + Level 2.7 Dodging
 + Level 1.5 Stealth


You had 2 spell levels left.
You knew the following spells:

 Your Spells              Type           Power      Damage    Failure   Level
a - Slow                  Hex            0%         N/A       47%         1

Your spell library contained the following spells:

 Spells                   Type           Power      Damage    Failure   Level
 Confusing Touch          Hex            0%         N/A       85%         3
 Vampiric Draining        Necr           0%         2d6       85%         3


Dungeon Overview and Level Annotations

Branches:
Dungeon (2/15)

Altars:

Annotations:
D:2 Robin


Innate Abilities, Weirdness & Mutations

You are small and have problems with some larger weapons.
You are completely attuned to the shadows.


Message History

Fire: a) +0 shortbow
Press: ? - help, Q - select action, (/) - cycle Shift-Dir - straight line, f/p - goblin
Aim: a goblin, wielding a +0 dagger (60% to hit)
You shoot an arrow. The arrow barely misses the goblin.
The goblin hits you but does no damage. The goblin barely misses you.
The goblin misses you.
Casting: Slow (safe; 47% risk of failure)
Confirm with . or Enter, or press ? or * to list all spells.
Aiming: Slow (safe; 47% risk of failure)
Press: ? - help, Shift-Dir - straight line, f/p - goblin
Aim: a goblin, wielding a +0 dagger (chance to affect: 50%)
You miscast Slow.
Nothing appears to happen.
Robin of the Strong Arm comes into view.
They are wielding a +0 club.
The goblin closely misses you. x2
Fire: a) +0 shortbow
Press: ? - help, Q - select action, (/) - cycle Shift-Dir - straight line, f/p - goblin
Aim: a goblin, wielding a +0 dagger (60% to hit)
You shoot an arrow. The arrow closely misses the goblin.
The goblin closely misses you.
A goblin comes into view. It is wielding a +0 club.
The goblin hits you but does no damage. The goblin barely misses you.
Robin throws the goblin at you! The goblin completely misses you.
Really read the scroll of immolation?
Uppercase [Y]es or [N]o only, please.
Really read the scroll of immolation?
As you read the scroll of immolation, it crumbles to dust.
The creatures around you are filled with an inner flame!
The goblin hits you with a +0 dagger. The goblin closely misses you.
The goblin attacks as you move away! The goblin hits you with a +0 dagger.
Fire: a) +0 shortbow
Press: ? - help, Q - select action, (/) - cycle Shift-Dir - straight line, f/p - goblin
Aim: a goblin, wielding a +0 dagger (inner flame, 60% to hit)
You shoot an arrow. The arrow hits the goblin.
Flame seeps out of the goblin.
The goblin is heavily wounded.
The goblin is engulfed in blazing flames.
The goblin explodes!
The fiery explosion engulfs the goblin!!
The fiery explosion engulfs you!!
Ouch! That really hurt!
You die...

######## #########
#....... ###........
...#.###### ....§g§....
..#.# #.§○@.... #.#†#
####.######.###.#.######
...g.# .............
#########.#
.............
.......(..#
..#####.####.
###......>.. #. #......
#.###..### #.#. #......
#.###..# #.#. #.#....
#....#..###
#...#####.#.#..


You could see a goblin (inner flame).

Vanquished Creatures
  An adder (D:2)
  3 dart slugs
  3 ball pythons (D:1)
  2 bats
  3 endoplasms
  3 giant cockroaches
  5 goblins
  5 hobgoblins
  2 frilled lizards (D:2)
  5 rats
32 creatures vanquished.

Notes
Turn   | Place    | Note
-------+----------+-------------------------------------------
     0 | D:1      | Azfaa the Kobold Hunter began the quest for the Orb.
     0 | D:1      | Reached XP level 1. HP: 12/12 MP: 1/1
   153 | D:1      | Reached XP level 2. HP: 18/18 MP: 2/2
   326 | D:1      | Reached skill level 6 in Ranged Weapons
   460 | D:1      | Reached XP level 3. HP: 20/22 MP: 3/3
  1227 | D:2      | Learned a level 1 spell: Slow
  1306 | D:2      | Reached XP level 4. HP: 27/27 MP: 2/4
  1333 | D:2      | Noticed Robin
  1339 | D:2      | Killed by an exploding goblin... ignited by their inner
                  | flame

Illustrated notes

Levels and vault maps discovered:
D:1:      amcnicky_arrival_gap_in_the_tavern_cellar, layout_loops_cross
D:2:      layout_loops_ring, uniq_robin

Skill      XL: |  1  2 |
---------------+-------+-----
Ranged Weapons | 6 |  6.6
Fighting       | |  2.5
Armour         | |  0.2
Dodging        | |  2.7
Stealth        | |  1.5

Action                     |  1- 3 |  4- 6 || total
---------------------------+-------+-------++-------
   Fire: Shortbow          |    73 |    10 ||    83
   Cast: Slow              |       |     2 ||     2
    Use: Scroll            |     5 |     1 ||     6
 Armour: Leather armour    |    13 |     4 ||    17
  Dodge: Dodged            |    45 |    17 ||    62

Table legend: (Time is in decaauts)
 A = Elapsed time spent in this place.
 B = Non-inter-level travel time spent in this place.
 C = Inter-level travel time spent in this place.
 D = Time resting spent in this place.
 E = Time spent auto-exploring this place.
 F = Levels seen in this place.
 G = Mean time per level.
                   A        B        C        D        E       F      G
               +--------+--------+--------+--------+--------+-----+--------+
         Total |   1358 |   1358 |      0 |    100 |      0 |   2 |  679.0 |
       Dungeon |   1358 |   1358 |      0 |    100 |      0 |   2 |  679.0 |
               +--------+--------+--------+--------+--------+-----+--------+

Top non-repeatable levels by time:
     D:1: 745 daAuts
     D:2: 612 daAuts
